Map: Romanticide LE

Players

llllllllllll

  • Race: Terran Terran
  • League: Master
  • Spawn Location: 11:00

uwuThermal (uThermal) - Winner!

  • Race: Terran Terran
  • League: Master
  • Spawn Location: 5:00

VOD

https://www.youtube.com/watch?v=D_4xYIE-IfI&t=602s

Description

Uthermal's MOST TOXIC TVT BUILD!

Time

  • Played on: Jan. 27, 2021, 10:51 a.m.
  • Length: 10:51
Show
View Real Time Build Order
Export as new Build Order

llllllllllll Terran 

Build Orders: Reaper Expand 

Get SALT Encoding   

  12  0:00  SCV  
  13  0:12  SCV  
  14  0:17  Supply Depot  
  14  0:24  SCV  
  15  0:39  Barracks, SCV  
  16  0:43  Refinery  
  16  0:51  SCV  
  17  1:03  SCV  
  18  1:15  SCV  
  19  1:27  Orbital Command  
  19  1:28  Reaper  
  20  1:41  Command Center  
  20  1:52  Supply Depot  
  20  1:53  SCV  
  21  2:00  Marine  
  22  2:05  SCV  
  23  2:09  Factory  
  23  2:17  SCV  
  23  2:18  Marine  
  23  2:20  Refinery  
  26  2:30  SCV  
  26  2:42  SCV, Barracks Reactor  
  26  2:53  Orbital Command  
  26  2:56  SCV  
  27  3:06  Widow Mine  
  27  3:10  Starport  
  27  3:11  SCV  
  30  3:18  Marine x2  
  32  3:21  SCV  
  32  3:23  SCV  
  34  3:29  Factory Tech Lab  
  34  3:33  SCV  
  35  3:35  SCV  
  35  3:36  Marine x2  
  37  3:45  Refinery, SCV  
  37  3:47  SCV  
  38  3:53  Cyclone  
  40  3:57  SCV  
  40  3:59  SCV  
  42  4:04  Starport Tech Lab  
  42  4:09  SCV, Command Center  
  41  4:10  Supply Depot  
  41  4:11  SCV  
  41  4:14  Supply Depot  
  42  4:22  Raven, SCV  
  42  4:23  SCV  
  46  4:31  Refinery  
  46  4:32  Siege Tank, Marine x2  
  46  4:34  Supply Depot  
  46  4:35  SCV x2  
  53  4:47  SCV  
  53  4:48  SCV  
  55  4:56  Marine x2  
  58  5:00  SCV x2  
  59  5:12  SCV x2  
  61  5:14  Supply Depot  
  61  5:15  Siege Tank  
  61  5:17  Starport Reactor  
  61  5:20  Barracks  
  61  5:21  Barracks, Engineering Bay  
  64  5:22  Engineering Bay  
  64  5:24  Orbital Command, SCV x2  
  64  5:28  Marine  
  64  5:29  Stimpack  
  65  5:36  SCV  
  65  5:37  SCV  
  67  5:48  Terran Infantry Weapons Level 1, SCV, Terran Infantry Armor Level 1  
  67  5:49  SCV, Marine  
  73  5:50  Siege Tank  
  73  5:51  Orbital Command  
  73  6:00  SCV  
  73  6:01  Supply Depot, SCV  
  73  6:03  Supply Depot  
  75  6:06  Starport Reactor  
  75  6:08  Marine  
  75  6:09  Marine x2  
  78  6:12  SCV  
  78  6:13  Marine x2  
  78  6:17  SCV  
  82  6:19  SCV  
  82  6:24  SCV, Siege Tank  
  87  6:28  Marine x3  
  87  6:29  SCV  
  87  6:30  Marine  
  87  6:32  SCV  
  93  6:35  Supply Depot  
  93  6:36  SCV  
  93  6:37  Supply Depot  
  94  6:41  SCV  
  94  6:43  Medivac x2  
  94  6:45  Refinery x2  
  94  6:46  SCV  
  100  6:48  SCV  
  100  6:52  Marine x4  
  100  6:53  Armory, Marine  
  105  6:57  SCV  
  105  6:58  SCV  
  107  7:03  Supply Depot  
  107  7:05  SCV, Supply Depot  
  108  7:10  Combat Shield  
  108  7:12  Sensor Tower, Siege Tank  
  111  7:18  SCV x3  
  111  7:19  Marine x5  
  111  7:22  Medivac x2  
  123  7:28  Supply Depot  
  123  7:30  Supply Depot  
  123  7:31  Barracks  
  123  7:33  Barracks  
  123  7:36  SCV x3  
  126  7:37  Marine  
  127  7:46  Marine  
  127  7:47  Marine  
  127  7:48  Marine x2  
  123  7:52  Viking x2  
  123  7:55  Marine  
  124  7:59  Barracks x2  
  124  8:04  Marine x2  
  118  8:06  Marine  
  118  8:08  Marine  
  114  8:12  Marine  
  114  8:16  SCV x2  
  105  8:21  Missile Turret  
  105  8:22  Marine x2, Viking x2  
  105  8:24  Marine  
  105  8:26  Marine  
  105  8:30  Marine  
  88  8:40  SCV, Marine x2  
  89  8:41  Marine  
  89  8:44  Marine  
  89  8:48  Marine  
  78  8:51  Marine x2  
  79  8:55  SCV  
  79  8:57  SCV  
  79  8:58  Marine x2  
  81  9:03  SCV  
  81  9:06  Starport Reactor, Siege Tank, Marine x3  
  81  9:09  Marine x2  
  89  9:12  SCV x2  
  89  9:16  SCV  
  93  9:24  SCV x2  
  93  9:28  SCV  
  93  9:31  Barracks Tech Lab x2  
  95  9:32  Command Center  
  95  9:36  SCV x2  
  97  9:40  SCV  
  98  9:48  SCV x2  
  98  9:52  SCV  
  100  9:55  Siege Tank  
  100  9:56  Liberator x2  
  109  10:00  Missile Turret, SCV x2  
  109  10:03  Missile Turret  
  109  10:04  SCV  
  112  10:07  Marauder x3  
  112  10:10  Supply Depot  
  112  10:11  Marine x3  
  112  10:12  SCV  
  119  10:16  Marine  
  120  10:28  Marine x2  
  120  10:29  SCV x3  
  120  10:30  Marine  
  120  10:31  Marine x2  
Show
View Real Time Build Order
Export as new Build Order

uwuThermal Terran - Winner!

Build Orders: Mech 

Get SALT Encoding   

  12  0:00  SCV  
  13  0:12  SCV  
  14  0:17  Supply Depot  
  14  0:24  SCV  
  15  0:38  SCV  
  15  0:39  Barracks  
  15  0:42  Refinery  
  16  0:50  SCV  
  16  0:52  Refinery  
  17  1:02  SCV  
  18  1:14  SCV  
  19  1:27  Orbital Command, Reaper  
  19  1:29  Supply Depot  
  20  1:43  Factory  
  20  1:53  SCV  
  21  1:59  Reaper  
  22  2:06  SCV  
  23  2:18  SCV  
  24  2:28  Command Center  
  24  2:30  SCV  
  24  2:36  Starport  
  25  2:42  SCV  
  26  2:45  Hellion  
  26  2:47  Barracks Reactor  
  28  2:54  SCV  
  28  2:57  Supply Depot  
  29  3:06  SCV  
  29  3:09  Factory Tech Lab  
  30  3:13  Fusion Core  
  30  3:18  SCV  
  31  3:25  Marine x2  
  33  3:28  Refinery  
  33  3:30  SCV  
  34  3:39  Orbital Command  
  34  3:42  SCV  
  35  3:54  SCV, Marine x2  
  38  4:03  Battlecruiser  
  38  4:05  SCV  
  38  4:07  Factory Tech Lab  
  45  4:11  Marine  
  45  4:12  Marine  
  45  4:14  SCV  
  48  4:17  SCV  
  48  4:20  Supply Depot  
  49  4:26  SCV  
  49  4:28  Cyclone  
  49  4:29  SCV  
  54  4:35  Supply Depot  
  54  4:42  SCV x2, Marine x2  
  57  4:54  SCV x2  
  58  5:11  Battlecruiser, Command Center  
  58  5:13  SCV  
  65  5:14  SCV, Supply Depot  
  66  5:22  Refinery  
  66  5:25  SCV, Marine x2  
  67  5:30  Cyclone  
  70  5:35  SCV  
  70  5:36  Supply Depot  
  70  5:38  SCV  
  72  5:43  Marine x2  
  72  5:45  Weapon Refit  
  72  5:48  SCV  
  72  5:49  Supply Depot  
  75  5:50  SCV  
  76  6:00  SCV  
  76  6:02  SCV  
  78  6:12  SCV  
  78  6:14  SCV  
  78  6:15  Refinery, Battlecruiser, Siege Tank  
  78  6:16  Marine x2  
  78  6:18  Refinery  
  91  6:22  Orbital Command  
  91  6:24  SCV  
  92  6:26  SCV  
  93  6:35  Supply Depot  
  93  6:36  SCV  
  93  6:38  SCV  
  95  6:41  Factory  
  95  6:42  Factory  
  95  6:43  Barracks Reactor  
  95  6:46  Engineering Bay  
  95  6:48  SCV x2, Siege Tank  
  95  6:50  SCV  
  101  6:54  Supply Depot  
  101  6:58  Supply Depot  
  101  7:00  SCV x2  
  103  7:03  SCV  
  104  7:11  Supply Depot  
  104  7:12  SCV  
  105  7:19  Battlecruiser  
  111  7:25  Missile Turret, Infernal Pre-Igniter  
  111  7:26  Missile Turret x2  
  111  7:28  SCV x2  
  113  7:32  Siege Tank, Sensor Tower  
  113  7:36  Hellion  
  118  7:37  Hellion  
  118  7:39  Hellion  
  118  7:40  SCV  
  123  7:47  SCV, Supply Depot  
  123  7:49  Hellion  
  126  7:57  Hellion, SCV  
  129  7:59  Supply Depot x3  
  129  8:03  Hellion  
  131  8:06  Hellion, Siege Tank  
  131  8:10  Hellion  
  131  8:11  SCV  
  130  8:18  Hellion  
  128  8:24  Hellion  
  123  8:27  Hellion  
  123  8:30  SCV  
  123  8:33  Battlecruiser  
  122  8:35  Orbital Command, SCV  
  122  8:38  Siege Tank  
  127  8:41  Hellion  
  127  8:43  Hellion  
  131  8:55  Hellion  
  131  9:06  Hellion  
  133  9:11  Siege Tank, SCV, Hellion x2  
  133  9:16  Supply Depot  
  141  9:19  Supply Depot  
  141  9:20  SCV  
  141  9:30  Armory  
  141  9:31  Armory  
  141  9:37  SCV x3  
  144  9:39  Supply Depot  
  144  9:50  SCV  
  149  10:00  SCV x2  
  149  10:09  SCV  
  149  10:12  SCV  
  145  10:15  Command Center, Viking x2  
  155  10:27  Hellion, Supply Depot  
  157  10:29  Hellion  
  157  10:32  Supply Depot, SCV  
  160  10:35  SCV  
Tags
 
Composition
Mech
Matchup
TvT
Player
uThermal
Race
Terran
Spawn Locations
Cross Positions
Add a new tag
Caveats
  • Supply blocks, unpowered buildings, or Contaminate may cause inaccurate times.
  • Supply counts are checked every 10 seconds.